 Dungeon Crawl Stone Soup version 0.23.2-1-ga50397a6bc (webtiles) character file.

Game seed: 18362457586175678142

4035 Bb4Qf6 the Cleaver (level 10, -5/81 HPs)
             Began as a Deep Dwarf Fighter on May 29, 2019.
             Was a Believer of Makhleb.
             Slain by an orc warrior
             ... wielding a +0 halberd
              (11 damage)
             ... on level 9 of the Dungeon.
             The game lasted 00:15:25 (6367 turns).

Bb4Qf6 the Cleaver (Deep Dwarf Fighter)             Turns: 6367, Time: 00:15:25

Health: -5/81      AC: 12    Str: 22    XL:     10   Next: 4%
Magic:  13/13      EV: 12    Int: 10    God:    Makhleb [**....]
Gold:   364        SH:  0    Dex: 12    Spells: 9/9 levels left

rFire    + . .     SeeInvis .   k - +0 battleaxe
rCold    + . .     Gourm    .   (shield currently unavailable)
rNeg     + + .     Faith    .   D - +0 scale mail "Qymoh" {*Corrode rElec rC+ rN+}
rPois    .         Spirit   .   (no helmet)
rElec    +         Reflect  .   (no cloak)
rCorr    .         Harm     .   u - +1 pair of gloves
MR       +....                  h - +1 pair of boots
Stlth    ..........             (no amulet)
HPRegen  0.00/turn              l - ring of protection from fire
MPRegen  0.13/turn              s - ring of positive energy

@: non-regenerating
A: damage resistance, heal wounds, sense surroundings 2, no regeneration
a: Heal Wounds, Minor Destruction, Renounce Religion


You were on level 9 of the Dungeon.
You worshipped Makhleb.
Makhleb was pleased with you.
You were near starving.

You visited 2 branches of the dungeon, and saw 10 of its levels.

You collected 364 gold pieces.

Inventory:

Hand Weapons
 a - a +0 war axe
 e - a +0 hand axe of chopping
 k - a +0 battleaxe (weapon)
Armour
 h - a +1 pair of boots (worn)
 o - a +3 plate armour
 t - a +0 scale mail of cold resistance
 u - a +1 pair of gloves (worn)
 D - the +0 scale mail "Qymoh" (worn) {*Corrode rElec rC+ rN+}
   (You found it on level 7 of the Dungeon)

   It protects you from cold.
   It insulates you from electricity.
   It protects you from negative energy.
   It may corrode you when you take damage.
Jewellery
 l - a ring of protection from fire (left hand)
 s - a ring of positive energy (right hand)
 C - a +2 ring of dexterity {unknown}
 F - an uncursed amulet of the gourmand {unknown}
Wands
 H - a wand of iceblast (9)
 J - a wand of enslavement (5)
Scrolls
 b - a scroll of magic mapping {unknown}
 d - a scroll of vulnerability {unknown}
 g - a scroll of amnesia
 i - 4 scrolls of identify
 n - 5 scrolls of fear
 q - 2 scrolls of remove curse
 r - 2 scrolls of teleportation
 x - 3 scrolls of blinking {unknown}
 y - a scroll of enchant weapon {unknown}
 B - a scroll of fog
 I - a scroll of enchant armour
Potions
 c - a potion of heal wounds {unknown}
 j - 3 potions of mutation {unknown}
 m - 3 potions of curing
 p - 2 potions of invisibility {unknown}
 v - a potion of berserk rage {unknown}
 w - a potion of lignification {unknown}
 z - a potion of cancellation {unknown}
 A - a potion of degeneration {unknown}
 E - a potion of ambrosia {unknown}
 G - a potion of might
Comestibles
 f - 17 rations


   Skills:
 - Level 2.7 Fighting
 * Level 12.1 Axes
 - Level 7.4 Armour
 + Level 5.2 Dodging
   Level 3.2 Shields
 + Level 6.3 Invocations


You had 9 spell levels left.
You didn't know any spells.
Your spell library contained the following spells:

 Spells                   Type           Power        Failure   Level  Hunger
 Shock                    Conj/Air       #...         65%         1    ##.....
 Swiftness                Chrm/Air       #.......     80%         2    ###....
 Static Discharge         Conj/Air       #.......     95%         3    ####...
 Airstrike                Air            #.........   100%        4    #####..
 Lightning Bolt           Conj/Air       #.........   100%        5    ######.


Dungeon Overview and Level Annotations

Branches:
Dungeon (9/15)             Temple (1/1) D:6            Lair (0/6) D:9
    Orc (0/2) D:9

Altars:
Ashenzari
Cheibriados
Dithmenos
Elyvilon
Fedhas
Gozag
Hepliaklqana
Makhleb
Nemelex Xobeh
Okawaru
Qazlal
Ru
Sif Muna
Trog
Uskayaw
Vehumet
Wu Jian
Yredelemnul
Zin
The Shining One
Beogh

Shops:
D:4 (


Innate Abilities, Weirdness & Mutations

You are resistant to damage.
You can heal yourself by infusing magical energy.
You passively map the area around you.
You do not regenerate.


Message History

The orc wizard gestures wildly while chanting.
The orc wizard blinks!
You slice the orc warrior!!
The orc warrior is severely wounded.
You hit the orc warrior but do no damage.
The orc warrior hits you but does no damage.
The orc warrior hits you with a +0 trident.
* * * LOW HITPOINT WARNING * * *
The orc warrior hits you from afar with a +0 halberd.
* * * LOW HITPOINT WARNING * * *
You closely miss the orc warrior.
The orc warrior is severely wounded.
You barely miss the orc warrior.
The orc warrior hits you with a +0 trident.
* * * LOW HITPOINT WARNING * * *
The orc warrior hits you with a +0 scimitar!
* * * LOW HITPOINT WARNING * * *
The orc wizard hits you but does no damage.
The orc warrior hits you from afar with a +0 halberd!
You die...

#..###########...#
#######................##########
.................................
####.............................
.###..###########.#######.#######
.........#.....#8.........#######
.........#....o#.................
.........#.._.oooo>.####.(#######
.######### , #@...# #..# .#
#8...# #..# .########### ###.##
#..#######
...........######..#####.........
.....[....................)......
.......).).......................
#######))###########.............
#..# #.............
#######..###########.............


You could see 3 orc warriors, an orc wizard and an orc.

Vanquished Creatures
  A troll (D:9)
  Sigmund (D:4)
  2 hungry ghosts
  Edmund (D:6)
  An orc warrior (D:6)
  A sky beast (D:7)
  2 ice beasts
  2 black bears
  5 ogres
  2 phantoms
  A centaur (D:8)
  3 bullfrogs
  A gnoll sergeant (D:9)
  2 scorpions
  6 howler monkeys
  3 crimson imps
  A bullfrog zombie (D:7)
  6 hounds
  3 jellies
  4 bullfrog skeletons
  6 orc priests
  3 iguanas
  8 orc wizards
  3 worker ants
  A hound skeleton (D:9)
  14 adders
  8 gnolls
  An ooze (D:3)
  An adder zombie (D:5)
  2 adder skeletons
  2 worms
  4 dart slugs
  4 leopard geckos
  47 orcs
  9 giant cockroaches
  10 goblins
  10 hobgoblins
  11 jackals
  10 kobolds
  11 bats
  3 frilled lizards
  9 rats
225 creatures vanquished.

Notes
Turn   | Place    | Note
-------+----------+-------------------------------------------
     0 | D:1      | Bb4Qf6 the Deep Dwarf Fighter began the quest for the Orb.
     0 | D:1      | Reached XP level 1. HP: 20/20 MP: 1/1
    89 | D:1      | Reached XP level 2. HP: 25/27 MP: 2/2
   198 | D:1      | Reached skill level 3 in Axes
   377 | D:1      | Reached XP level 3. HP: 27/33 MP: 3/3
   834 | D:2      | Reached skill level 4 in Axes
   873 | D:2      | Reached XP level 4. HP: 29/40 MP: 4/4
  1524 | D:3      | Reached XP level 5. HP: 44/46 MP: 4/4
  1526 | D:3      | Reached skill level 5 in Axes
  1972 | D:3      | Reached skill level 5 in Armour
  1972 | D:3      | Reached XP level 6. HP: 46/55 MP: 5/5
  2057 | D:3      | Reached skill level 6 in Axes
  2383 | D:4      | Found Pibuesk's Weapon Shoppe.
  2389 | D:4      | Noticed Sigmund
  2404 | D:4      | Killed Sigmund
  2404 | D:4      | Reached skill level 7 in Axes
  2404 | D:4      | Reached XP level 7. HP: 40/61 MP: 6/6
  2486 | D:4      | Found a shadowy altar of Dithmenos.
  2671 | D:4      | Found a radiant altar of Vehumet.
  2712 | D:5      | Entered Level 5 of the Dungeon
  2762 | D:5      | Reached skill level 8 in Axes
  2886 | D:5      | Reached XP level 8. HP: 63/68 MP: 7/7
  3229 | D:5      | Reached skill level 9 in Axes
  3511 | D:6      | Noticed Edmund
  3519 | D:6      | Killed Edmund
  3527 | D:6      | Found a staircase to the Ecumenical Temple.
  3597 | Temple   | Entered the Ecumenical Temple
  3710 | Temple   | Became a worshipper of Makhleb the Destroyer
  3869 | D:6      | Reached skill level 1 in Dodging
  3869 | D:6      | Reached skill level 1 in Invocations
  4156 | D:6      | Reached skill level 10 in Axes
  4489 | D:7      | Gained mutation: You passively map the area around you.
                  | [Deep Dwarf growth]
  4489 | D:7      | Reached XP level 9. HP: 21/74 MP: 10/10
  4493 | D:7      | Found a shattered altar of Ashenzari.
  4501 | D:7      | Found a deep blue altar of Sif Muna.
  4664 | D:7      | Reached * piety under Makhleb
  4743 | D:7      | Found a roughly hewn altar of Beogh.
  4869 | D:7      | Reached skill level 11 in Axes
  4901 | D:7      | You fall through a shaft!
  4901 | D:8      | Found a glowing silver altar of Zin.
  5008 | D:8      | Reached ** piety under Makhleb
  5018 | D:8      | Reached skill level 5 in Invocations
  5027 | D:8      | Found a glowing silver altar of Zin.
  5446 | D:7      | Got a transparent scale mail
  5447 | D:7      | Identified the +0 scale mail "Qymoh" {*Corrode rElec rC+
                  | rN+} (You found it on level 7 of the Dungeon)
  5726 | D:9      | Noticed a troll
  5737 | D:9      | Killed a troll
  5748 | D:9      | Reached skill level 5 in Dodging
  5757 | D:9      | Reached skill level 12 in Axes
  5780 | D:9      | Found a staircase to the Orcish Mines.
  5833 | D:9      | Found an iron altar of Okawaru.
  5945 | D:9      | Found a sparkling altar of Nemelex Xobeh.
  5954 | D:9      | Found a snail-covered altar of Cheibriados.
  6017 | D:9      | Reached XP level 10. HP: 32/81 MP: 13/13
  6239 | D:9      | Found a staircase to the Lair.
  6361 | D:9      | Found a roughly hewn altar of Beogh.
  6367 | D:9      | Slain by an orc warrior

Skill      XL: |  1  2  3  4  5  6  7  8  9 |
---------------+----------------------------+-----
Axes           | 3 4 5 7 8 10 12 | 12.1
Armour         | 4 5 6 7 |  7.4
Dodging        | 2 5 |  5.2
Invocations    | 3 6 |  6.3
Fighting       | |  2.7
Shields        | |  3.2

Action                   |  1- 3 |  4- 6 |  7- 9 | 10-12 || total
-------------------------+-------+-------+-------+-------++-------
Melee: Hand axe          |    96 |   300 |    50 |       ||   446
       War axe           |     3 |       |       |       ||     3
       Battleaxe         |       |       |   393 |    13 ||   406
Throw: Throwing net      |       |     2 |       |       ||     2
 Abil: Heal Wounds       |       |     1 |     5 |       ||     6
  Use: Potion            |       |     1 |     3 |       ||     4
       Scroll            |       |       |    11 |       ||    11
  Eat: Chunk             |       |     6 |    15 |       ||    21
       Ration            |       |       |     2 |       ||     2
Armor: Scale mail        |    41 |     9 |    29 |     7 ||    86
       Plate armour      |       |   186 |   337 |       ||   523
Dodge: Dodged            |    42 |    42 |   198 |     6 ||   288
Block: Shield            |    46 |   152 |    17 |       ||   215
